 Dungeon Crawl Stone Soup version 0.20-a0-891-ga2611f4 (webtiles) character file.

185115 Angani the Crack Shot (level 17, -20/146 HPs)
             Began as a Centaur Hunter on Mar 15, 2017.
             Was the Champion of Okawaru.
             Killed from afar by Mara (illusionary) (40 damage)
             ... with a bolt of fire
             ... on level 3 of the Spider Nest on Mar 16, 2017.
             The game lasted 01:03:34 (31272 turns).

Angani the Crack Shot (Centaur Hunter)             Turns: 31272, Time: 01:03:34

Health: -20/146    AC: 27    Str: 16    XL:     17   Next: 80%
Magic:  23/23      EV: 14    Int: 10    God:    Okawaru [******]
Gold:   1786       SH:  0    Dex: 16    Spells: 16/16 levels left

rFire    . . .     SeeInvis +   w - +9 longbow (flame)
rCold    + . .     Gourm    .   h - +0 acid dragon scales
rNeg     . . .     Faith    .   (shield currently unavailable)
rPois    .         Spirit   .   b - +1 helmet {SInv}
rElec    .         Reflect  .   L - +2 cloak
rCorr    +         Harm     .   O - +2 pair of gloves
MR       +....                  g - +2 centaur barding {rC+}
Stlth    +.........             Z - amulet of regeneration
Regen    0.8/turn               E - +5 ring of slaying
MPRegen  0.2/turn               V - +1 ring of slaying

@: lethally poisoned (-20 -> -48), very quick
A: hooves 3, slimy green scales 1, deformed body, speed 2, mutation resistance
1, sense surroundings 1, tough skin 3
a: Heroism, Finesse, Renounce Religion


You were on level 3 of the Spider Nest.
You worshipped Okawaru.
Okawaru was exalted by your worship.
You were full.

You visited 5 branches of the dungeon, and saw 28 of its levels.

You collected 3144 gold pieces.
You spent 1358 gold pieces at shops.

Inventory:

Hand Weapons
 w - a +9 longbow of flaming (weapon)
Missiles
 d - 659 arrows (quivered)
Armour
 b - a +1 helmet of see invisible (worn)
 g - a +2 centaur barding of cold resistance (worn)
 h - +0 acid dragon scales (worn)
 L - a +2 cloak (worn)
 O - a +2 pair of gloves (worn)
Jewellery
 B - an uncursed ring of protection from cold
 C - an uncursed ring of protection from fire
 E - a +5 ring of slaying (right hand)
 K - the ring "Nuabeoc" {*Slow rElec rC+ Str+5 Dex+2}
   (You took it off a centaur warrior on level 14 of the Dungeon)

   [ring of strength]

   It affects your strength (+5).
   It affects your dexterity (+2).
   It protects you from cold.
   It insulates you from electricity.
   It may slow you when you take damage.
 M - an uncursed ring of positive energy
 V - a +1 ring of slaying (left hand)
 Z - an amulet of regeneration (around neck)
Wands
 I - a wand of digging (13/24)
 T - a wand of confusion (20/48)
Scrolls
 a - a scroll of vulnerability
 c - a scroll of blinking
 j - 20 scrolls of teleportation
 k - 4 scrolls of amnesia
 m - a scroll of immolation
 n - 6 scrolls of fog
 q - 12 scrolls of remove curse
 s - a scroll of silence
 u - 7 scrolls of recharging
 y - 2 scrolls of summoning
 G - 2 scrolls of torment
 N - 2 scrolls of holy word
 P - 2 scrolls of fear
 R - a scroll of brand weapon
 S - 2 scrolls of enchant weapon
 Y - 3 scrolls of magic mapping
Potions
 e - a potion of haste
 i - 3 potions of invisibility
 l - 5 potions of curing
 o - 4 potions of resistance
 p - 3 potions of brilliance
 t - 4 potions of magic
 v - 2 potions of lignification
 x - 2 potions of ambrosia
 A - 4 potions of heal wounds
 D - 5 potions of agility
 H - 5 potions of might
 J - 4 potions of mutation
 W - 3 potions of flight
 X - 3 potions of cancellation
Comestibles
 f - 17 bread rations
 r - 11 royal jellies
 z - 12 meat rations


   Skills:
 - Level 12.0 Fighting
 + Level 26.4 Bows
 - Level 10.0 Armour
 - Level 10.1 Dodging
 - Level 0.4 Stealth
 - Level 8.9 Invocations


You had 16 spell levels left.
You didn't know any spells.

Dungeon Overview and Level Annotations

Branches:
Dungeon (15/15)            Temple (1/1) D:5            Lair (6/6) D:8
  Swamp (0/4) Lair:3       Spider (4/4) Lair:3        Slime (0/5) Lair:5
    Orc (2/2) D:10            Elf (0/3) Orc:2        Vaults (0/5) D:14
 Depths (0/5) D:15

Altars:
Ashenzari
Cheibriados
Dithmenos
Elyvilon
Fedhas
Gozag
Hepliaklqana
Kikubaaqudgha
Makhleb
Nemelex Xobeh
Okawaru
Qazlal
Ru
Sif Muna
Trog
Uskayaw
Vehumet
Wu Jian
Xom
Yredelemnul
Zin
The Shining One
Beogh
Jiyva

Shops:
D:11 [   Orc:2 =?:**

Annotations:
Spider:3 Mara


Innate Abilities, Weirdness & Mutations

You have hooves in place of feet.
Armour fits poorly on your strangely shaped body.
You cover ground very quickly.
You have extremely tough skin. (AC +3)
You are partially covered in slimy green scales. (AC +2)
You are somewhat resistant to further mutation.
You passively map a small area around you.


Message History

Firing (i - inventory):
d - 661 arrows (quivered)
Press: ? - help, Shift-Dir - straight line, f/p - Mara
Aim: Mara, wielding a demon blade of venom and wearing a robe (moderately wounded)
You shoot an arrow. The arrow hits Mara.
Mara is heavily wounded.
You feel sick.
Mara blinks!
Mara hits you with a demon blade of venom!
* * * LOW HITPOINT WARNING * * *
You are lethally poisoned!
Firing (i - inventory):
d - 660 arrows (quivered)
Press: ? - help, Shift-Dir - straight line, f/p - Mara
Aim: Mara, wielding a demon blade of venom and wearing a robe (heavily wounded)
You shoot an arrow. The arrow closely misses Mara.
* * * LOW HITPOINT WARNING * * *
You feel very sick.
Angani's illusion hits you but does no damage.
Mara boasts, "I am lord over the four continents and the two thousand adjacent isles."
Mara gestures at you.
The bolt of fire hits Mara.
Mara resists.
The bolt of fire hits you!
You die...

#.......##..###
##.#......#....#
#.....##....#.##
#........#..###
#...##...#^..##
###..##.####^#.#
#....#.######..#
##...#.^#.#^.#### ###
#.@..#..#.....## #.#
##R#@..#......#.#
#.####.(##..........##
##..R((.#.####.##...#
#.>.(...(#.#.......##
####R.#>(###...#...######
#..ยง..(###
#......##.#..# #...<..##
###...#.#...... #.....#.#
#...#..#.#..##>


You could see 3 Maras and Angani's illusion.

Vanquished Creatures
  Arachne (Spider:3)
  A tengu reaver (D:15)
  The ghost of morbho the Severer, a journeyman DDFi of Makhleb (Spider:1)
  A storm dragon (D:15)
  A ghost moth (Spider:1)
  A fire giant (D:15)
  An entropy weaver (Spider:3)
  Azrael (Spider:3)
  Josephine (Orc:2)
  A minotaur (shapeshifter) (D:15)
  A fire dragon (D:15)
  An ettin (Orc:2)
  A yaktaur captain (D:15)
  Erolcha (D:9)
  An ogre mage (D:15)
  An ice dragon (D:15)
  A vault guard (D:14)
  8 hydras
  3 catoblepae (Lair:6)
  2 two-headed ogres
  A death knight (D:15)
  A deep troll earth mage (D:15)
  15 centaur warriors
  2 vampire magi (D:14)
  15 death yaks
  Urug (D:13)
  2 orc high priests (Orc:2)
  2 tengu warriors
  A fire crab (D:15)
  7 skeletal warriors
  2 unseen horrors
  2 phantasmal warriors (D:15)
  2 deep elf archers (D:15)
  3 wizards (D:15)
  A wolf spider zombie (D:14)
  5 orc knights
  A lindwurm (Lair:6)
  9 orb spiders
  5 ugly things
  22 wolf spiders
  A salamander (shapeshifter) (D:15)
  6 orc sorcerers
  9 cyclopes
  9 deep elf magi
  8 manticores
  14 elephants
  A moth of wrath (Spider:2)
  4 naga magi (D:14)
  2 black mambas
  2 torpor snails
  11 spiny frogs
  A gargoyle (D:13)
  8 komodo dragons
  4 kobold demonologists
  3 rime drakes
  5 efreet
  A redback zombie (D:14)
  10 demonic crawlers
  A tengu conjurer (D:14)
  16 jumping spiders
  2 polar bears
  8 trolls
  Grinder (D:6)
  A hornet (D:15)
  5 slime creatures
  A dream sheep (Lair:5)
  30 blink frogs
  A meliai zombie (D:13)
  A spriggan (D:9)
  10 hippogriffs
  2 shadows
  45 redbacks
  2 wyverns
  47 yaks
  20 tarantellas
  A vampire (D:14)
  5 wraiths
  Eustachio (D:6)
  2 fire elementals (Spider:3)
  5 basilisks
  8 vampire mosquitoes
  6 hungry ghosts
  2 steam dragons
  5 swamp worms (Spider:1)
  2 wargs
  Edmund (D:6)
  3 hell hounds (Spider:3)
  A soldier ant (D:14)
  16 water moccasins
  11 porcupines
  An acid dragon (D:15)
  43 orc warriors
  6 ice beasts
  2 swamp drakes
  6 sky beasts
  22 centaurs
  8 ogres
  An eye of draining (D:15)
  3 phantoms
  12 wolves
  25 crocodiles
  3 big kobolds (D:14)
  14 bullfrogs
  A wyvern zombie (D:14)
  A wyvern skeleton (D:10)
  A scorpion (D:12)
  6 killer bees (D:10)
  9 wights
  8 howler monkeys
  An electric eel (D:14)
  11 crimson imps
  4 centaur zombies
  5 quasits
  4 hounds
  6 jellies
  15 orc priests
  A gnoll shaman (D:5)
  33 orc wizards
  4 bullfrog skeletons
  10 centaur skeletons
  8 iguanas
  8 worker ants
  3 hound zombies
  2 hound skeletons
  A worker ant zombie (D:10)
  4 gnolls (D:5)
  3 howler monkey skeletons
  10 adders
  3 shadow imps
  14 oozes (Lair:4)
  An adder zombie (D:5)
  An adder skeleton (D:10)
  15 worms
  A dart slug (D:12)
  6 leopard geckos
  96 orcs
  7 giant cockroaches
  8 goblins
  5 hobgoblins
  13 jackals
  5 quokkas
  6 bats
  7 frilled lizards
  10 kobolds
  A leopard gecko zombie (D:7)
  8 rats
1002 creatures vanquished.

Vanquished Creatures (others)
  A hornet (Spider:3)
  An eye of draining (D:15)
  14 fungi
  3 plants
19 creatures vanquished.

Grand Total: 1021 creatures vanquished

Notes
Turn   | Place    | Note
-------+----------+-------------------------------------------
     0 | D:1      | Angani the Centaur Hunter began the quest for the Orb.
     0 | D:1      | Reached XP level 1. HP: 17/17 MP: 1/1
   128 | D:1      | Reached XP level 2. HP: 19/24 MP: 2/2
   191 | D:1      | Reached skill level 6 in Bows
   590 | D:1      | Reached XP level 3. HP: 29/29 MP: 3/3
   711 | D:2      | Found a white marble altar of Elyvilon.
  1017 | D:2      | Reached skill level 7 in Bows
  1405 | D:2      | Reached XP level 4. HP: 36/36 MP: 4/4
  1691 | D:3      | Found a stormy altar of Qazlal.
  2074 | D:3      | Found a stormy altar of Qazlal.
  2074 | D:3      | Found a bloodstained altar of Trog.
  2432 | D:4      | Reached skill level 8 in Bows
  2458 | D:4      | Reached XP level 5. HP: 38/41 MP: 5/5
  2620 | D:4      | Reached skill level 9 in Bows
  2718 | D:4      | Reached XP level 6. HP: 30/48 MP: 6/6
  2962 | D:4      | Reached skill level 10 in Bows
  3133 | D:5      | Entered Level 5 of the Dungeon
  3247 | D:5      | Found a sparkling altar of Nemelex Xobeh.
  3287 | D:5      | Reached XP level 7. HP: 46/55 MP: 7/7
  3544 | D:5      | Found a staircase to the Ecumenical Temple.
  3622 | Temple   | Entered the Ecumenical Temple
  3911 | D:5      | Found a glowing silver altar of Zin.
  4000 | D:5      | Reached skill level 11 in Bows
  4658 | D:6      | Found a hazy altar of Hepliaklqana.
  4658 | D:6      | Found an iron altar of Okawaru.
  4658 | D:6      | Found a shattered altar of Ashenzari.
  4669 | D:5      | Reached skill level 12 in Bows
  4824 | D:6      | Became a worshipper of Warmaster Okawaru
  4906 | D:6      | Noticed Edmund
  4958 | D:6      | Killed Edmund
  5045 | D:6      | Noticed Grinder
  5054 | D:6      | Killed Grinder
  5054 | D:6      | Reached skill level 13 in Bows
  5054 | D:6      | Reached XP level 8. HP: 61/61 MP: 8/8
  5082 | D:6      | Noticed Eustachio
  5114 | D:6      | Killed Eustachio
  5256 | D:6      | Reached skill level 14 in Bows
  5686 | D:6      | Found a burning altar of Makhleb.
  5942 | D:6      | Reached * piety under Okawaru
  6061 | D:6      | Gained mutation: You possess an exceptional clarity of mind. [mutagenic meat]
  6062 | D:6      | Gained mutation: Scrolls take you a little longer to read. [mutagenic meat]
  6063 | D:6      | Gained mutation: You are dopey. (Int -2) [mutagenic meat]
  6064 | D:6      | Gained mutation: Your muscles are strong. (Str +2) [mutagenic meat]
  6239 | D:7      | Found an ancient bone altar of Kikubaaqudgha.
  6459 | D:7      | Found a sparkling altar of Nemelex Xobeh.
  6515 | D:7      | Reached XP level 9. HP: 70/70 MP: 9/9
  6919 | D:7      | Reached skill level 5 in Fighting
  7284 | D:8      | Found a glowing golden altar of the Shining One.
  7330 | D:8      | Reached ** piety under Okawaru
  7408 | D:8      | Found a staircase to the Lair.
  7628 | D:8      | Found a radiant altar of Vehumet.
  7949 | D:9      | Found a glowing silver altar of Zin.
  8326 | D:9      | Upgraded the game from 0.20-a0-876-g2c7b0bf to 0.20-a0-891-ga2611f4
  8668 | D:9      | Reached *** piety under Okawaru
  8668 | D:9      | Reached XP level 10. HP: 75/91 MP: 10/10
  8838 | D:9      | Found a shadowy altar of Dithmenos.
  8907 | D:9      | Noticed Erolcha
  8913 | D:9      | Killed Erolcha
  8913 | D:9      | Received a gift from Okawaru
  8913 | D:9      | Reached skill level 10 in Fighting
  9035 | D:10     | Entered Level 10 of the Dungeon
  9093 | D:10     | Reached skill level 1 in Armour
  9237 | D:10     | Reached **** piety under Okawaru
  9676 | D:10     | Found a staircase to the Orcish Mines.
  9938 | D:10     | Reached skill level 5 in Armour
 10018 | D:10     | Reached XP level 11. HP: 94/101 MP: 11/11
 10023 | D:10     | Reached ***** piety under Okawaru
 10505 | Lair:1   | Entered Level 1 of the Lair of Beasts
 10565 | Lair:1   | Received a gift from Okawaru
 10731 | Lair:1   | Received a gift from Okawaru
 11675 | Lair:2   | Reached skill level 5 in Dodging
 12055 | Lair:2   | Reached XP level 12. HP: 108/108 MP: 11/18
 12056 | Lair:2   | Reached skill level 17 in Bows
 12056 | Lair:2   | Reached XP level 13. HP: 114/114 MP: 11/19
 12154 | Lair:2   | Lost mutation: You possess an exceptional clarity of mind. [potion of mutation]
 12154 | Lair:2   | Lost mutation: Scrolls take you a little longer to read. [potion of mutation]
 12154 | Lair:2   | Lost mutation: Your muscles are strong. (Str +2) [potion of mutation]
 12154 | Lair:2   | Lost mutation: You are dopey. (Int -2) [potion of mutation]
 12154 | Lair:2   | Gained mutation: You passively map a small area around you. [potion of mutation]
 12154 | Lair:2   | Gained mutation: You are partially covered in slimy green scales. (AC +2) [potion of mutation]
 12154 | Lair:2   | Gained mutation: You are somewhat resistant to further mutation. [potion of mutation]
 12224 | Lair:2   | Received a gift from Okawaru
 12407 | Lair:2   | Got a transparent great mace
 12409 | Lair:2   | Identified the cursed +0 great mace of Keastri {drain, *Noise +Rage rF- rN++ Str+8} (You found it on level 2 of the Lair of Beasts)
 13186 | Lair:3   | Found a hole to the Spider Nest.
 13190 | Lair:3   | Received a gift from Okawaru
 13441 | Lair:3   | Found a staircase to the Swamp.
 13959 | Lair:3   | Reached XP level 14. HP: 126/126 MP: 20/20
 14534 | Lair:4   | Reached skill level 18 in Bows
 14797 | Lair:4   | Got a fine long sword
 15208 | Lair:4   | Identified the +9 long sword "Arbiter" {slice, *Corrode rC+ Str+3} (You found it on level 4 of the Lair of Beasts)
 15879 | Lair:5   | Reached ****** piety under Okawaru
 15879 | Lair:5   | Reached skill level 19 in Bows
 16048 | Lair:5   | Received a gift from Okawaru
 16114 | Lair:5   | Found a viscous altar of Jiyva.
 16115 | Lair:5   | Found a staircase to the Slime Pits.
 16410 | Lair:5   | Reached skill level 20 in Bows
 16908 | Lair:6   | Entered Level 6 of the Lair of Beasts
 17398 | Lair:6   | Received a gift from Okawaru
 17426 | Lair:6   | Received a gift from Okawaru
 17816 | Lair:6   | Received a gift from Okawaru
 18081 | Lair:6   | Reached XP level 15. HP: 132/132 MP: 21/21
 18261 | Lair:6   | Received a gift from Okawaru
 18264 | Lair:6   | Got a pitted quick blade {god gift}
 18265 | Lair:6   | Identified the +6 quick blade of Coff {pierce, +Fly rF+ Str+3 Stlth+} (Okawaru gifted it to you on level 6 of the Lair of Beasts)
 18331 | Lair:6   | Got a translucent glass ring
 18404 | Lair:6   | Identified the ring "Osku" {Ice rN+ Slay-3 SInv} (You found it on level 6 of the Lair of Beasts)
 19155 | Orc:1    | Entered Level 1 of the Orcish Mines
 19167 | Orc:1    | Paralysed by an orc sorcerer for 5 turns
 19636 | Orc:1    | Found a roughly hewn altar of Beogh.
 19821 | Orc:2    | Entered Level 2 of the Orcish Mines
 19869 | Orc:2    | Found a staircase to the Elven Halls.
 19874 | Orc:2    | Found Tesau's Jewellery Boutique.
 19877 | Orc:2    | Noticed Josephine
 19892 | Orc:2    | Killed Josephine
 20128 | Orc:2    | Found Tuniho Imua's Assorted Antiques.
 20128 | Orc:2    | Found Vaag's Book Boutique.
 20257 | Orc:2    | Found Ivalamn's Magic Scroll Shop.
 20260 | Orc:2    | Found Rafat's General Store.
 20279 | Orc:2    | Bought a scroll of enchant weapon for 225 gold pieces
 20279 | Orc:2    | Bought a scroll of enchant weapon for 225 gold pieces
 20283 | Orc:2    | Bought a scroll of teleportation for 48 gold pieces
 20283 | Orc:2    | Bought a scroll of blinking for 120 gold pieces
 20283 | Orc:2    | Bought a potion of heal wounds for 80 gold pieces
 20283 | Orc:2    | Bought a scroll of identify for 32 gold pieces
 20284 | Orc:2    | Bought a scroll of identify for 32 gold pieces
 20290 | Orc:2    | Bought a scroll of identify for 32 gold pieces
 20290 | Orc:2    | Bought a scroll of identify for 32 gold pieces
 20293 | Orc:2    | Bought a scroll of blinking for 120 gold pieces
 20293 | Orc:2    | Bought a scroll of teleportation for 48 gold pieces
 20293 | Orc:2    | Bought a scroll of fog for 32 gold pieces
 20293 | Orc:2    | Bought a scroll of teleportation for 48 gold pieces
 20293 | Orc:2    | Bought a scroll of teleportation for 48 gold pieces
 20293 | Orc:2    | Bought a scroll of fear for 56 gold pieces
 20317 | Orc:2    | Received a gift from Okawaru
 20892 | Orc:2    | Found a roughly hewn altar of Beogh.
 21380 | D:11     | Received a gift from Okawaru
 21719 | D:11     | Found Nemad's Antique Armour Emporium.
 21722 | D:11     | Bought a pair of glowing gloves for 180 gold pieces
 22015 | D:11     | Identified a scroll of acquirement
 22293 | D:12     | Found a shimmering altar of Xom.
 23007 | D:13     | Noticed Urug
 23011 | D:13     | Killed Urug
 23681 | D:14     | Reached skill level 10 in Armour
 23714 | D:14     | Reached skill level 10 in Dodging
 23753 | D:14     | Received a gift from Okawaru
 23962 | D:14     | Received a gift from Okawaru
 23971 | D:14     | Reached XP level 16. HP: 36/139 MP: 22/22
 24197 | D:14     | Reached skill level 21 in Bows
 24272 | D:14     | Found a gate to the Vaults.
 24327 | D:14     | Found a deep blue altar of Sif Muna.
 24729 | D:14     | Identified Digro's Tome of Shifting Earth
 24744 | D:14     | Found a deep blue altar of Sif Muna.
 24754 | D:14     | Got a faintly glowing platinum ring
 24812 | D:14     | Identified the Incunabulum of Helpful Intoxication
 24905 | D:14     | Identified the Catalogue of Combat Magic and Stolen Souls
 24929 | D:14     | Identified the Incunabulum of Shape Shifting and Contamination
 24933 | D:14     | Identified the ring "Nuabeoc" {*Slow rElec rC+ Str+5 Dex+2} (You took it off a centaur warrior on level 14 of the Dungeon)
 25082 | D:15     | Entered Level 15 of the Dungeon
 25264 | D:15     | Found an iron altar of Okawaru.
 25264 | D:15     | Found a white marble altar of Elyvilon.
 25265 | D:15     | Found an opulent altar of Gozag.
 25275 | D:15     | Reached skill level 22 in Bows
 25401 | D:15     | Found a staircase to the Depths.
 25870 | D:15     | Received a gift from Okawaru
 25990 | D:15     | Noticed a storm dragon
 25992 | D:15     | Reached skill level 23 in Bows
 25997 | D:15     | Killed a storm dragon
 26427 | D:15     | Noticed a tengu reaver
 26440 | D:15     | Killed a tengu reaver
 26440 | D:15     | Received a gift from Okawaru
 26853 | D:15     | Reached skill level 24 in Bows
 26930 | D:15     | Reached XP level 17. HP: 146/146 MP: 23/23
 27627 | Spider:1 | Entered Level 1 of the Spider Nest
 27826 | Spider:1 | Received a gift from Okawaru
 27930 | Spider:1 | Received a gift from Okawaru
 28092 | Spider:1 | Noticed morbho's ghost (journeyman DDFi)
 28098 | Spider:1 | Killed morbho's ghost
 28528 | Spider:1 | Reached skill level 25 in Bows
 29585 | Spider:2 | Received a gift from Okawaru
 29915 | Spider:3 | Noticed Arachne
 29930 | Spider:3 | Killed Arachne
 30059 | Spider:3 | Reached skill level 26 in Bows
 30062 | Spider:3 | Received a gift from Okawaru
 30202 | Spider:3 | Noticed Azrael
 30216 | Spider:3 | Killed Azrael
 30796 | Spider:4 | Entered Level 4 of the Spider Nest
 30796 | Spider:4 | Noticed Mara
 30807 | Spider:4 | Noticed Angani's illusion
 30990 | Spider:4 | Noticed Angani's illusion
 31254 | Spider:3 | Noticed Angani's illusion
 31272 | Spider:3 | Killed from afar by Mara (illusionary)

Vault maps used:
D:1:      co_arrival_random_square_maze
D:2:      elyvilon_altar_4
D:3:      amethyst_overflow_temple_binary, nicolae_qazlal_general_emergency
D:4:      first_bread
D:5:      nemelex_xobeh_ov_fountains_minmay, zin_statuary,
          lemuel_temple_firewalk_b
D:6:      old_standard_altar, grunt_temple_overflow_open,
          kennysheep_generic_room_15, uniq_grinder, uniq_eustachio,
          uniq_crazy_yiuf_cottage, uniq_edmund
D:7:      cheibrodos_quashed, kiku_gazebo_garden_becter, basic_altar
D:8:      lemuel_round_altar, lair_entry_dummy, basic_altar
D:9:      basic_altar, the_bakery, grunt_dithmenos_smoke_and_mirrors,
          uniq_erolcha, uniq_grum
D:10:     erik_orc_1
D:11:     serial_shops, kennysheep_mini_moat
D:12:     tgw_xom
D:13:     st_stairs_7, uniq_urug
D:14:     evilmike_library_of_no_secrets, david_vaults_5, lemuel_blue_sif_altar
D:15:     hangedman_slaughterboxes
Temple:   minmay_temple_curvy_loop
Lair:1:   grunt_megastairs_4, infiniplex_staircase_pool
Lair:2:   eino_small_chamber_without_monster
Lair:3:   minmay_swamp_entry_reptiles, nicolae_spider_entry_orb_guardian,
          st_stairs_11, serial_bayou_crossing, lemuel_fruit_tree
Lair:4:   lemuel_slime
Lair:5:   dpeg_slime_entry_enclosed_altar, beast_lair_carwin_5
Lair:6:   evilmike_catoblepas_cave, st_stairs_8, lemuel_old_faithful,
          grunt_megastairs_3, serial_bayou_shore_b
Spider:1: worms_lemuel
Spider:2: einodemon_crawler_minivault
Spider:3: uniq_arachne, uniq_azrael
Spider:4: spider_rune_water, zaba_antful_of_joy, uniq_asterion, uniq_mara
Orc:1:    mines2_david
Orc:2:    st_orc_rangers, serial_shops, shop, bh_open_orc_temple, uniq_josephine

Skill      XL: |  1  2  3  4  5  6  7  8  9 10 11 12 13 14 15 16 17 |
---------------+----------------------------------------------------+-----
Bows           | 6 7 8 9 10 13 14 17 20 24 26 | 26.4
Fighting       | 3 9 10 12 | 12.0
Armour         | 5 6 7 10 | 10.0
Dodging        | 5 6 7 10 | 10.1
Invocations    | 8 |  8.9
Stealth        | |  0.4

Action                   |  1- 3 |  4- 6 |  7- 9 | 10-12 | 13-15 | 16-18 || total
-------------------------+-------+-------+-------+-------+-------+-------++-------
Melee: Short sword       |       |       |    42 |       |       |       ||    42
       Kick              |       |       |    11 |       |     2 |       ||    13
       Quick blade       |       |       |       |       |     6 |       ||     6
       Longbow           |       |       |       |       |     1 |       ||     1
 Fire: Shortbow          |   119 |   151 |   450 |   407 |   552 |       ||  1679
       Longbow           |       |       |       |       |   858 |   871 ||  1729
  Use: Scroll            |       |     3 |       |     7 |    29 |     8 ||    47
       Potion            |       |       |     4 |     2 |     3 |     4 ||    13
  Eat: Chunk             |       |     5 |    16 |     8 |    14 |     7 ||    50
       Fruit             |       |       |       |    10 |       |    19 ||    29
       Bread ration      |       |       |       |       |     1 |       ||     1
Armor: Leather armour    |    12 |     6 |    23 |    12 |    50 |       ||   103
       Troll leather arm |       |       |       |       |    18 |     7 ||    25
       Acid dragon scale |       |       |       |       |       |   179 ||   179
Dodge: Dodged            |    12 |    12 |    53 |    30 |   176 |   173 ||   456
